 Dungeon Crawl Stone Soup version 0.24-a0-521-g122614bf49 (webtiles) character file.

Game seed: 1125072243519281415

675199 Peloso the Minotaur Barricade (level 27, 0/409 HPs)
             Began as a Minotaur Fighter on July 28, 2019.
             Was the Champion of Okawaru.
             Killed from afar by a starcursed mass (8 damage)
             ... with an accursed screaming
             ... on level 9 of a ziggurat.
             The game lasted 05:22:20 (88626 turns).

Peloso the Minotaur Barricade (Minotaur Fighter)   Turns: 88626, Time: 05:22:21

Health: 0/409      AC: 48    Str: 56      XL:     27
Magic:  26/26      EV: 21    Int:  2      God:    Okawaru [******]
Gold:   6652       SH: 23    Dex: 19 (20) Spells: 27/27 levels left

rFire    + + +     SeeInvis .   a - +5 double sword of Tolosum {drain, Str+9}
rCold    + . .     Gourm    .   c - +0 shield "Oczela" {*Drain rElec rN+ Str+5}
rNeg     + + +     Faith    .   U - +8 crystal plate armour of Fuom {rF+ MR- rCorr Str+6}
rPois    +         Spirit   .   F - +2 hat {MR+}
rElec    +         Reflect  .   T - scarf {rC+ rF+}
rCorr    +         Harm     .   R - +2 pair of gloves {Str+3}
MR       ++...     Rnd*Rage +   G - +2 pair of boots {run} Stlth ..........Rnd*Tele +
                                D - amulet of Foolhardiness {RegenMP rF+}
HPRegen  0.78/turn              L - ring of Hiaseid {rElec rPois Int-3 Dex+4 Slay+1}
MPRegen  0.45/turn              X - ring of Houpt {rN++ EV+3 Str-3 Dex+3}

@: berserking (expiring), hasted, studying Transmutations, very quick
A: retaliatory headbutt, horns 2, berserk 1, deterioration 1, teleportitis 1
}: 3/15 runes: barnacled, silver, gossamer
a: Heroism, Finesse, Renounce Religion


You were on level 9 of a ziggurat.
You worshipped Okawaru.
Okawaru was exalted by your worship.
You were hungry.

You visited 10 branches of the dungeon, and saw 48 of its levels.
You visited the Abyss 1 time.
You visited 1 ziggurat, and saw 9 of its levels.
You also visited: Trove, Sewer, Ossuary, Bailey, Gauntlet, Ice Cave, Wizlab and Desolation.

You collected 8415 gold pieces.
You spent 1763 gold pieces at shops.

Inventory:

Hand Weapons
 a - the +5 double sword of Tolosum (weapon) {drain, Str+9}
   (You found it in a wizard's laboratory)

   A truly terrible weapon, it drains the life of those it strikes.
   It affects your strength (+9).
 b - the +9 sword of Zonguldrok {reap}
   (You took it off an orc on level 13 of the Dungeon)

   If a monster killed with it leaves a corpse in good enough shape, the corpse
   will be animated as a zombie friendly to the killer.
 H - a +6 double sword of slicing
 K - a +0 scimitar of flaming
 P - the +4 long sword "Unosajod" {slice, rN+}
   (You found it on level 6 of a ziggurat)

   It inflicts extra damage upon your enemies.
   It protects you from negative energy.
 Q - the +10 hand crossbow "Deigyg" {venom, rElec Int+9 Dex+2 Stlth-}
   (You found it on level 6 of a ziggurat)

   It poisons the ammo it fires.
   It affects your intelligence (+9).
   It affects your dexterity (+2).
   It insulates you from electricity.
   It makes you less stealthy.
Armour
 c - the +0 shield "Oczela" (worn) {*Drain rElec rN+ Str+5}
   (You found it on level 2 of the Lair of Beasts)

   It affects your strength (+5).
   It insulates you from electricity.
   It protects you from negative energy.
   It causes draining when unequipped.
 e - the +10 plate armour "Zurouf" {rElec rPois MR+ Slay+3}
   (You found it on level 1 of the Elven Halls)

   It affects your accuracy and damage with ranged weapons and melee attacks
   (+3).
   It insulates you from electricity.
   It protects you from poison.
   It affects your resistance to hostile enchantments.
 w - a scarf of cloud immunity
 F - a +2 hat of magic resistance (worn)
 G - a +2 pair of boots of running (worn)
 R - a +2 pair of gloves of strength (worn)
 T - a scarf of resistance (worn)
 U - the +8 crystal plate armour of Fuom (worn) {rF+ MR- rCorr Str+6}
   (Okawaru gifted it to you on level 2 of the Orcish Mines)

   It affects your strength (+6).
   It protects you from fire.
   It affects your resistance to hostile enchantments.
   It provides partial protection from all sources of acid and corrosion.
 Y - a +2 pair of boots of flying
Jewellery
 i - an uncursed ring of protection from cold
 y - a +6 ring of strength
 D - the amulet of Foolhardiness (around neck) {RegenMP rF+}
   (You bought it in a shop on level 11 of the Dungeon)

   [amulet of magic regeneration]

   It increases your magic regeneration.
   It protects you from fire.
 E - an uncursed ring of protection from magic
 L - the ring of Hiaseid (left hand) {rElec rPois Int-3 Dex+4 Slay+1}
   (You took it off a deep elf annihilator on level 5 of the Vaults)

   [ring of slaying]

   It affects your intelligence (-3).
   It affects your dexterity (+4).
   It affects your accuracy and damage with ranged weapons and melee attacks
   (+1).
   It insulates you from electricity.
   It protects you from poison.
 O - an uncursed ring of see invisible
 X - the ring of Houpt (right hand) {rN++ EV+3 Str-3 Dex+3}
   (You found it on level 5 of the Vaults)

   [ring of evasion]

   It affects your evasion (+3).
   It affects your strength (-3).
   It affects your dexterity (+3).
   It greatly protects you from negative energy.
 Z - an uncursed ring of positive energy
Wands
 p - a wand of flame (7)
Scrolls
 d - 3 scrolls of fog
 g - a scroll of silence
 h - 2 scrolls of enchant weapon
 k - 11 scrolls of fear
 m - 24 scrolls of identify
 n - 3 scrolls of magic mapping
 q - 31 scrolls of remove curse
 r - 8 scrolls of summoning
 u - 3 scrolls of enchant armour
 v - 19 scrolls of teleportation
 B - 8 scrolls of blinking
 I - 4 scrolls of noise
Potions
 j - 9 potions of might
 l - 8 potions of mutation
 s - 5 potions of agility
 t - 13 potions of haste
 A - a potion of resistance
 C - 13 potions of curing
 J - 4 potions of berserk rage
 S - 2 potions of heal wounds
Books
 x - a manual of Transmutations
Miscellaneous
 o - a lamp of fire
 z - a sack of spiders
 M - a lamp of fire
 W - a phantom mirror
Comestibles
 f - 56 rations


   Skills:
 O Level 27 Fighting
 O Level 27 Long Blades
   Level 1.3 Polearms
 + Level 1.1 Throwing
 + Level 26.1 Armour
 + Level 11.0 Dodging
 + Level 4.7 Stealth
 O Level 27 Shields
 + Level 1.3 Unarmed Combat
 + Level 0.6 Spellcasting
 + Level 5.5 Invocations
 + Level 1.7 Evocations


You had 27 spell levels left.
You didn't know any spells.
Your spell library contained the following spells:

 Spells                   Type           Power        Failure   Level  Hunger
 Animate Skeleton         Necr           N/A          86%         1    ##.....
 Apportation              Tloc           #.....       86%         1    ##.....
 Beastly Appendage        Tmut           #.....       86%         1    ##.....
 Corona                   Hex            #......      86%         1    ##.....
 Infusion                 Chrm           #...         86%         1    ##.....
 Magic Dart               Conj           #...         86%         1    ##.....
 Pain                     Necr           #...         86%         1    ##.....
 Sandblast                Erth           #.....       86%         1    ##.....
 Shock                    Conj/Air       #...         86%         1    ##.....
 Sting                    Conj/Pois      #...         86%         1    ##.....
 Summon Butterflies       Summ           #.......     86%         1    ##.....
 Summon Small Mammal      Summ           #...         86%         1    ##.....
 Blink                    Tloc           N/A          94%         2    ###....
 Call Imp                 Summ           #.......     94%         2    ###....
 Corpse Rot               Necr           N/A          94%         2    ###....
 Ensorcelled Hibernation  Hex/Ice        #.....       94%         2    ###....
 Passwall                 Tmut/Erth      #.......     94%         2    ###....
 Poisonous Vapours        Pois/Air       #.....       94%         2    ###....
 Searing Ray              Conj           #.....       94%         2    ###....
 Shroud of Golubria       Chrm/Tloc      #.....       94%         2    ###....
 Slow                     Hex            #.......     94%         2    ###....
 Song of Slaying          Chrm           #.......     94%         2    ###....
 Sticks to Snakes         Tmut           #.......     94%         2    ###....
 Sublimation of Blood     Necr           #.........   94%         2    ###....
 Swiftness                Chrm/Air       #.......     94%         2    ###....
 Confuse                  Hex            #.......     99%         3    ####...
 Conjure Flame            Conj/Fire      #.......     99%         3    ####...
 Dazzling Spray           Conj/Hex       #.....       99%         3    ####...
 Gell's Gravitas          Tloc           #.........   99%         3    ####...
 Ignite Poison            Fire/Tmut/Pois #.......     99%         3    ####...
 Inner Flame              Hex/Fire       #.......     99%         3    ####...
 Lesser Beckoning         Tloc           #.........   99%         3    ####...
 Mephitic Cloud           Conj/Pois/Air  #.......     99%         3    ####...
 Portal Projectile        Hex/Tloc       #.....       99%         3    ####...
 Recall                   Summ/Tloc      N/A          99%         3    ####...
 Regeneration             Chrm/Necr      #.........   99%         3    ####...
 Spectral Weapon          Hex/Chrm       #.......     99%         3    ####...
 Spider Form              Tmut/Pois      #.........   99%         3    ####...
 Static Discharge         Conj/Air       #.......     99%         3    ####...
 Stone Arrow              Conj/Erth      #.....       99%         3    ####...
 Summon Guardian Golem    Hex/Summ       #.......     99%         3    ####...
 Teleport Other           Tloc           #.......     99%         3    ####...
 Tukima's Dance           Hex            #.......     99%         3    ####...
 Vampiric Draining        Necr           #.........   99%         3    ####...
 Airstrike                Air            #.........   100%        4    #####..
 Animate Dead             Necr           N/A          100%        4    #####..
 Cause Fear               Hex            #.........   100%        4    #####..
 Force Lance              Conj/Tloc      #.......     100%        4    #####..
 Fulminant Prism          Conj/Hex       #.........   100%        4    #####..
 Ice Form                 Ice/Tmut       #.......     100%        4    #####..
 Iskenderun's Mystic Bla  Conj           #.......     100%        4    #####..
 Leda's Liquefaction      Hex/Erth       #.........   100%        4    #####..
 Olgreb's Toxic Radiance  Pois           #.......     100%        4    #####..
 Passage of Golubria      Tloc           N/A          100%        4    #####..
 Petrify                  Tmut/Erth      #.......     100%        4    #####..
 Sticky Flame             Conj/Fire      #.......     100%        4    #####..
 Summon Ice Beast         Ice/Summ       #.......     100%        4    #####..
 Summon Lightning Spire   Summ/Air       #.......     100%        4    #####..
 Agony                    Necr           #.......     100%        5    ######.
 Alistair's Intoxication  Tmut/Pois      #.......     100%        5    ######.
 Blade Hands              Tmut           #.........   100%        5    ######.
 Bolt of Draining         Conj/Necr      #.........   100%        5    ######.
 Bolt of Magma            Conj/Fire/Erth #.........   100%        5    ######.
 Borgnjor's Vile Clutch   Necr/Erth      #.........   100%        5    ######.
 Dispel Undead            Necr           #.......     100%        5    ######.
 Excruciating Wounds      Chrm/Necr      #.........   100%        5    ######.
 Fireball                 Conj/Fire      #.........   100%        5    ######.
 Irradiate                Conj/Tmut      #.........   100%        5    ######.
 Iskenderun's Battlesphe  Conj/Chrm      #.......     100%        5    ######.
 Lee's Rapid Deconstruct  Erth           #.........   100%        5    ######.
 Lightning Bolt           Conj/Air       #.........   100%        5    ######.
 Metabolic Englaciation   Hex/Ice        #.........   100%        5    ######.
 Silence                  Hex/Air        #.........   100%        5    ######.
 Summon Forest            Summ/Tloc      #.........   100%        5    ######.
 Summon Mana Viper        Hex/Summ       #.......     100%        5    ######.
 Venom Bolt               Conj/Pois      #.........   100%        5    ######.
 Yara's Violent Unravell  Hex/Tmut       #.........   100%        5    ######.
 Bolt of Fire             Conj/Fire      #.........   100%        6    #######
 Conjure Ball Lightning   Conj/Air       #.........   100%        6    #######
 Darkness                 Hex            #.........   100%        6    #######
 Death Channel            Necr           #.........   100%        6    #######
 Deflect Missiles         Chrm/Air       #.........   100%        6    #######
 Dispersal                Tloc           #.........   100%        6    #######
 Hydra Form               Tmut           #.........   100%        6    #######
 Iron Shot                Conj/Erth      #.........   100%        6    #######
 Simulacrum               Ice/Necr       #.........   100%        6    #######
 Statue Form              Tmut/Erth      #........    100%        6    #######
 Dragon Form              Tmut           #.........   100%        7    #######
 Haunt                    Necr/Summ      #.........   100%        7    #######
 Malign Gateway           Summ/Tloc      #.........   100%        7    #######
 Monstrous Menagerie      Summ           #.........   100%        7    #######
 Orb of Destruction       Conj           #.........   100%        7    #######
 Ring of Flames           Chrm/Fire      #.........   100%        7    #######
 Spellforged Servitor     Conj/Summ      #.........   100%        7    #######
 Summon Greater Demon     Summ           #.........   100%        7    #######
 Summon Hydra             Summ           #.........   100%        7    #######
 Borgnjor's Revivificati  Necr           #.........   100%        8    #######
 Controlled Blink         Tloc           N/A          100%        8    #######
 Death's Door             Chrm/Necr      #.........   100%        8    #######
 Discord                  Hex            #.........   100%        8    #######
 Disjunction              Tloc           #.........   100%        8    #######
 Ignition                 Fire           #.........   100%        8    #######
 Infestation              Necr           #.........   100%        8    #######
 Necromutation            Tmut/Necr      #.........   100%        8    #######
 Summon Horrible Things   Summ           #.........   100%        8    #######
 Shatter                  Erth           #.........   100%        9    #######
 Tornado                  Air            #.........   100%        9    #######


Dungeon Overview and Level Annotations

Branches:
Dungeon (15/15)            Temple (1/1) D:7            Lair (6/6) D:11
 Shoals (4/4) Lair:4       Spider (4/4) Lair:2        Slime (0/5) Lair:5
    Orc (2/2) D:9             Elf (3/3) Orc:2        Vaults (5/5) D:13
  Crypt (3/3) Vaults:3       Tomb (0/3) Crypt:3      Depths (5/5) D:15
    Zot (0/5) Depths:5

Altars:
Ashenzari
Cheibriados
Dithmenos
Elyvilon
Fedhas
Gozag
Hepliaklqana
Kikubaaqudgha
Makhleb
Nemelex Xobeh
Okawaru
Qazlal
Ru
Sif Muna
Trog
Uskayaw
Vehumet
Wu Jian
Xom
Yredelemnul
Zin
The Shining One
Beogh

Shops:
D:9 **   D:11 *   D:13 [   Orc:2 [*:!(**[   Shoals:2 *   Vaults:3 *
Depths:2 *

Portals:
Hell: Depths:1 Depths:2 Depths:3 Depths:4 Depths:5
Abyss: Depths:1 Depths:4
Pandemonium: Depths:2 Depths:3


Innate Abilities, Weirdness & Mutations

You reflexively headbutt those who attack you in melee.
You have a pair of horns on your head.
You tend to lose your temper in combat.
Your body sometimes deteriorates upon taking damage.
You are occasionally teleported next to monsters.


Message History

Okawaru accepts your kill. You block the starcursed mass's attack.
The ufetubus hits you.
* * * LOW HITPOINT WARNING * * *
The ufetubus completely misses you.
Unknown command.
You cut the ynoxinul into ribbons!!!
You kill the ynoxinul!
Okawaru accepts your kill.
The ufetubus disappears in a puff of smoke! x5
Unknown command.
You slice the starcursed mass like a ripe choko!!!
You destroy the starcursed mass!
Okawaru accepts your kill. You block the starcursed mass's attack.
Unknown command.
You slice the starcursed mass!!
You destroy the starcursed mass!
Okawaru accepts your kill. A chorus of shrieks assaults your mind.
You die...

▓▓▓▓▓.▓▓▓▓
▓▓▓.........
▓▓...........
▓▓............
▓▓............w
▓..........X...
▓)§§§..........
▓▓..§...........
▓.X§@...........
▓▓..X...........
▓.............3
▓.............
▓▓...........
▓▓.........
▓▓.......
▓▓.....


You could see 2 starcursed masses.

Vanquished Creatures
  A pandemonium lord (Zig:7)
  2 ancient liches
  An orb of fire (Zig:5)
  Khufu (Crypt:2)
  Mara (Vaults:5)
  2 juggernauts
  The ghost of Sifeokk the Warrior, a veteran GrFi of the Shining One (Crypt:3)
  3 greater mummies
  Boris (twice) (Depths:3 Crypt:1)
  Sojobo (Depths:3)
  The ghost of Luroikhid the Merry Gargoyle, a legendary GrBe of the Shining One (Crypt:3)
  Margery (Depths:3)
  Frederick (Vaults:2)
  Xtahua (Vaults:2)
  5 caustic shrikes
  3 golden dragons
  Nikola (Depths:2)
  Jory (Depths:4)
  The ghost of korppi the Warrior, a veteran GrMo of Okawaru (Depths:2)
  the Enchantress (Depths:3)
  A pearl dragon (Depths:4)
  2 bone dragons (Crypt:3)
  4 liches
  6 tentacled monstrosities
  2 deep elf blademasters (Elf:3)
  2 deep elf master archers (Elf:3)
  5 titans
  Asterion (Vaults:3)
  The ghost of Ruupoynew the Peltast, an adept HOFi of Makhleb (Spider:4)
  15 ancient champions
  An Executioner (Zig:7)
  3 krakens
  8 sphinxes
  5 shadow dragons
  2 tentacled starspawn (Zig:9)
  9 tengu reavers
  3 storm dragons
  Donald (Orc:1)
  4 revenants
  4 ghost moths
  Ilsuiw (Shoals:3)
  7 frost giants
  5 fire giants
  4 orc warlords
  A warmonger (Zig:7)
  3 iron dragons (Vaults:5)
  5 emperor scorpions
  A draconian stormcaller (Depths:5)
  17 vault wardens
  8 deep elf sorcerers
  2 draconian shifters
  2 imperial myrmidons (Desolation)
  2 curse skulls
  10 ghouls
  Aizul (Depths:3)
  5 deep elf elementalists
  A draconian annihilator (Depths:5)
  An ophan (Depths:4)
  19 ironheart preservers
  8 very ugly things
  25 stone giants
  7 spriggan defenders
  2 entropy weavers
  9 deep elf demonologists
  An apis (Depths:4)
  2 green draconians
  A caustic shrike skeleton (Crypt:2)
  18 vampire knights
  4 spark wasps
  A black draconian (Zig:6)
  3 yellow draconians
  7 deep elf annihilators
  2 purple draconians
  A minotaur (Gauntlet)
  2 white draconians
  4 halazid warlocks (Desolation)
  2 green deaths (Zig:7)
  Snorg (D:11)
  12 deep elf death magi
  14 ettins
  Josephine (D:12)
  12 jiangshi
  12 merfolk impalers
  3 deep elf high priests
  9 fire dragons
  2 merfolk javelineers (Shoals:4)
  3 ragged hierophants (Desolation)
  18 ogre magi
  2 quicksilver dragon skeletons (Crypt:3)
  Harold (D:9)
  8 great orbs of eyes
  30 vault guards
  7 hydras
  5 servants of whispers (Desolation)
  19 yaktaur captains
  5 peacekeepers (Desolation)
  5 ice dragons
  5 rakshasas
  5 spriggan air magi
  10 centaur warriors
  3 merfolk avatars
  A catoblepas (shapeshifter) (Vaults:5)
  2 catoblepae
  3 death knights
  A merfolk aquamancer (Shoals:4)
  61 two-headed ogres
  3 satyrs (Shoals:3)
  A satyr (shapeshifter) (Elf:2)
  25 dancing weapons
  5 tengu warriors
  An anaconda (shapeshifter) (Vaults:5)
  10 deep troll earth magi
  A death scarab (Gauntlet)
  10 deep troll shamans
  10 spriggan berserkers
  8 vampire magi
  A queen ant (Gauntlet)
  Sonja (D:12)
  2 soul eaters (Crypt:1)
  9 orc high priests
  A large abomination (Zig:9)
  3 titan skeletons
  2 wretched stars
  6 iron trolls
  20 deep elf knights
  10 hell knights
  84 skeletal warriors
  5 shadow wraiths
  A sixfirhy (Zig:7)
  7 flayed ghosts
  3 unseen horrors
  A golden dragon zombie (Crypt:1)
  15 sea snakes
  2 storm dragon skeletons (Crypt:3)
  An anaconda zombie (Crypt:3)
  A glowing orange brain (shapeshifter) (Zig:2)
  7 glowing orange brains
  A spectral hydra (Gauntlet)
  41 deep trolls
  10 deep elf archers
  13 ironbrand convokers
  A deep troll (shapeshifter) (Depths:5)
  An obsidian statue (Depths:2)
  17 phantasmal warriors
  72 deep elf magi
  8 necromancers
  An anaconda skeleton (Crypt:3)
  15 harpies
  19 orb spiders
  17 orc knights
  Pikel (D:5)
  36 wolf spiders
  An iron dragon zombie (Crypt:3)
  3 oklob plants (Lair:6)
  A wolf spider (shapeshifter) (Depths:3)
  39 ugly things
  2 fauns (shapeshifter) (Vaults:5)
  10 orc sorcerers
  A shadow dragon skeleton (Crypt:3)
  A cyclops (shapeshifter) (Depths:4)
  18 fauns
  A salamander (shapeshifter) (Vaults:3)
  3 moths of wrath
  13 cyclopes
  Maurice (D:9)
  3 guardian serpents (shapeshifter)
  20 manticores
  An elephant (shapeshifter) (Vaults:5)
  3 ice statues (IceCv)
  2 fire giant skeletons (Crypt:3)
  17 merfolk sirens
  A stone giant skeleton (Crypt:3)
  A rust devil (Depths:5)
  An apocalypse crab (Zig:9)
  2 iron dragon skeletons (Crypt:3)
  A dire elephant zombie (Crypt:3)
  16 elephants
  6 water nymphs
  2 gargoyles
  2 guardian serpents (Desolation)
  An elephant slug zombie (Crypt:3)
  11 vault sentinels
  6 black mambas
  26 spiny frogs
  A spiny frog (shapeshifter) (Elf:1)
  A torpor snail (shapeshifter) (D:15)
  3 torpor snails
  A shock serpent skeleton (Crypt:3)
  2 orange demons (Zig:7)
  A titan simulacrum (Vaults:5)
  A rime drake (Lair:2)
  A smoke demon (Zig:9)
  A yellow draconian zombie (Crypt:1)
  8 ice devils
  7 freezing wraiths
  An efreet (Zig:5)
  An emperor scorpion zombie (Crypt:1)
  A dire elephant skeleton (Crypt:3)
  A kobold demonologist (D:14)
  A hellion (Zig:7)
  13 demonic crawlers
  A purple draconian skeleton (Crypt:3)
  A purple draconian zombie (Crypt:3)
  58 yaktaurs
  6 komodo dragons
  6 tengu conjurers
  A queen bee (shapeshifter) (Depths:3)
  9 trolls
  A harpy zombie (Crypt:1)
  A yaktaur skeleton (Vaults:5)
  17 jumping spiders
  A moth of wrath zombie (Crypt:2)
  A meliai (D:13)
  A meliai (shapeshifter) (Vaults:2)
  3 wind drakes
  A polar bear (Lair:4)
  29 merfolk
  18 hornets
  2 hydra skeletons (Crypt:3)
  A raiju (Zig:9)
  2 bog bodies (Crypt:2)
  39 saltlings (Desolation)
  27 blink frogs
  12 tyrant leeches
  A dream sheep (shapeshifter) (Vaults:2)
  13 dream sheep
  33 slime creatures
  13 hippogriffs
  11 snapping turtles
  A raiju (shapeshifter) (Vaults:4)
  A guardian serpent zombie (Crypt:2)
  A hippogriff (shapeshifter) (Vaults:5)
  12 spriggans
  A snapping turtle (shapeshifter) (Vaults:4)
  An alligator skeleton (Crypt:3)
  13 flying skulls
  47 redbacks
  6 shadows
  An ettin skeleton (Vaults:5)
  2 redbacks (shapeshifter)
  4 air elementals
  12 wraiths
  7 vampires
  An ice dragon skeleton (Crypt:3)
  A yak (shapeshifter) (Vaults:1)
  14 water elementals
  A human (D:11)
  58 yaks
  19 tarantellas
  6 wyverns
  2 ynoxinuls
  2 fire elementals
  4 basilisks
  A basilisk (shapeshifter) (D:15)
  3 hogs (D:11)
  5 hungry ghosts
  8 vampire mosquitoes
  Menkaure (D:7)
  9 wargs
  2 steam dragons
  A two-headed ogre zombie (WizLab)
  5 acid dragons
  5 swamp worms (D:12)
  A glowing shapeshifter zombie (Crypt:2)
  3 soldier ants (Gauntlet)
  A water moccasin (shapeshifter) (Vaults:5)
  A spiny frog zombie (Crypt:1)
  2 small abominations
  A hell hound (Zig:5)
  8 porcupines
  Duvessa (D:7)
  4 sky beasts
  11 water moccasins
  A water nymph skeleton (Crypt:1)
  A floating eye (Depths:2)
  Purgy (Sewer)
  A swamp drake (shapeshifter) (Elf:3)
  55 orc warriors
  An ice beast (D:5)
  An eye of draining (D:9)
  An eye of draining (shapeshifter) (D:15)
  7 phantoms
  2 black bears (shapeshifter)
  2 slaves (D:6)
  A manticore zombie (Crypt:2)
  46 ogres
  2 black bears
  3 necrophages
  A swamp dragon zombie (Crypt:3)
  9 boggarts
  27 wolves
  12 centaurs
  13 crocodiles
  A big kobold (D:10)
  A komodo dragon zombie (Crypt:3)
  A fire crab zombie (Crypt:1)
  33 bullfrogs
  Dowan (D:7)
  3 earth elementals
  A wyvern zombie (D:12)
  3 scorpions
  A yak zombie (Crypt:2)
  14 troll zombies
  24 killer bees
  17 wights
  4 howler monkeys
  7 electric eels
  A bullfrog zombie (D:12)
  9 crimson imps
  A human simulacrum (Vaults:1)
  25 starcursed masses (Zig:9)
  11 jellies
  3 quasits
  A basilisk zombie (Crypt:1)
  5 centaur zombies
  A draconian simulacrum (IceCv)
  A human zombie (Ossuary)
  An iron imp (Zig:1)
  40 orc wizards
  44 orc priests
  3 hounds
  A bullfrog skeleton (D:8)
  13 worker ants
  5 iguanas
  4 hell rats (Lair:5)
  A porcupine zombie (Crypt:1)
  2 troll simulacra (IceCv)
  2 killer bee zombies (D:8)
  6 ogre zombies
  3 centaur simulacra (IceCv)
  2 big kobold zombies
  A dwarf skeleton (Crypt:1)
  A tengu skeleton (Crypt:3)
  2 hound zombies
  2 hound skeletons
  5 mummies (Ossuary)
  3 worker ant zombies
  3 ogre simulacra (IceCv)
  9 adders
  8 gnolls
  A naga simulacrum (IceCv)
  3 shadow imps
  12 white imps (Lair:3)
  3 oozes
  2 adder skeletons
  2 adder zombies (D:5)
  3 worms
  4 dart slugs
  12 leopard geckos
  168 orcs
  4 bats
  8 giant cockroaches
  3 gnoll zombies (Ossuary)
  14 goblins
  12 hobgoblins
  8 jackals
  2 quokkas
  4 ball pythons
  A dart slug zombie (Crypt:2)
  9 frilled lizards
  A goblin skeleton (D:9)
  A goblin zombie (D:9)
  4 hobgoblin zombies (D:9)
  22 kobolds
  3 orc skeletons (D:9)
  13 orc zombies
  3 quokka skeletons
  A quokka zombie (D:8)
  8 rats
  A bush (Lair:1)
  2 fungi
  20 pillars of salt (Vaults:4)
  11 plants
  3 starspawn tentacles (Zig:9)
  5 tentacles
2823 creatures vanquished.

Vanquished Creatures (collateral kills)
  An ogre (Orc:1)
  2 orc wizards (Orc:1)
  An orc priest (Orc:1)
  An orc (Orc:1)
5 creatures vanquished.

Vanquished Creatures (others)
  2 tengu reavers
  A fire giant (Depths:4)
  A very ugly thing (Depths:2)
  A deep elf mage (Elf:1)
  An ugly thing (Depths:2)
  A demonic crawler (Spider:4)
  A saltling (Desolation)
  An acid dragon (D:11)
  3 ogres
  An orc wizard (Vaults:5)
  17 fungi
  60 plants
  5 starspawn tentacles (Zig:9)
  19 tentacles
  3 toadstools (D:5)
117 creatures vanquished.

Grand Total: 2945 creatures vanquished

Notes
Turn   | Place    | Note
-------+----------+-------------------------------------------
     0 | D:1      | Peloso the Minotaur Fighter began the quest for the Orb.
     0 | D:1      | Reached XP level 1. HP: 19/19 MP: 0/0
   233 | D:1      | Reached XP level 2. HP: 27/27 MP: 1/1
   610 | D:2      | Found a bloodstained altar of Trog.
   622 | D:2      | Found a sacrificial altar of Ru.
   622 | D:2      | Found an ancient bone altar of Kikubaaqudgha.
   629 | D:2      | Found an opulent altar of Gozag.
   648 | D:2      | Reached XP level 3. HP: 33/33 MP: 2/2
   850 | D:2      | Reached XP level 4. HP: 35/40 MP: 3/3
   868 | D:2      | Found a white marble altar of Elyvilon.
   992 | D:2      | Found a basalt altar of Yredelemnul.
  1482 | D:3      | Reached skill level 5 in Armour
  1514 | D:3      | Reached XP level 5. HP: 42/47 MP: 4/4
  1794 | D:3      | Reached skill level 1 in Dodging
  2100 | D:4      | Reached skill level 5 in Shields
  2162 | D:4      | Reached XP level 6. HP: 16/53 MP: 5/5
  3196 | D:4      | Found a deep blue altar of Sif Muna.
  3863 | D:5      | Entered Level 5 of the Dungeon
  3994 | D:5      | Reached XP level 7. HP: 52/60 MP: 6/6
  4001 | D:5      | Reached skill level 5 in Fighting
  4004 | D:5      | Reached skill level 5 in Long Blades
  4009 | D:5      | HP: 3/61 [orc wizard/magic dart (4)]
  4524 | D:5      | Reached skill level 1 in Stealth
  4524 | D:5      | Reached XP level 8. HP: 63/69 MP: 7/7
  5388 | D:6      | Noticed Pikel
  5423 | D:6      | HP: 3/70 [Pikel/+1 whip of electrocution (2)]
  5431 | D:6      | HP: 1/70 [Pikel/+1 whip of electrocution (8)]
  5609 | D:5      | Killed Pikel
  5717 | D:6      | Found a glowing drain.
  5732 | Sewer    | Entered a sewer
  5827 | Sewer    | Noticed Purgy
  5840 | Sewer    | Killed Purgy
  6147 | D:7      | Found a shattered altar of Ashenzari.
  6182 | D:7      | Reached XP level 9. HP: 75/78 MP: 8/8
  6203 | D:7      | Noticed Duvessa
  6203 | D:7      | Noticed Dowan
  6213 | D:7      | Killed Duvessa
  6217 | D:7      | Killed Dowan
  6243 | D:7      | Found a sand-covered staircase.
  6247 | Ossuary  | Entered an ossuary
  6522 | D:7      | Found a sparkling altar of Nemelex Xobeh.
  6598 | D:7      | Found a hazy altar of Hepliaklqana.
  6598 | D:7      | Found an ornate altar of the Wu Jian Council.
  6691 | D:7      | Noticed Menkaure
  6704 | D:7      | Killed Menkaure
  7023 | D:7      | Found a staircase to the Ecumenical Temple.
  7035 | Temple   | Entered the Ecumenical Temple
  7082 | Temple   | Became a worshipper of Warmaster Okawaru
  7911 | D:8      | Noticed a manticore
  7915 | D:8      | Noticed a two-headed ogre
  7935 | D:8      | Killed a two-headed ogre
  7935 | D:8      | Reached * piety under Okawaru
  7935 | D:8      | Reached skill level 10 in Long Blades
  8268 | D:8      | Killed a manticore
  8268 | D:8      | Reached XP level 10. HP: 12/88 MP: 9/9
  8800 | D:8      | Reached ** piety under Okawaru
  8861 | D:7      | Reached skill level 5 in Dodging
  9379 | D:9      | Reached *** piety under Okawaru
  9404 | D:9      | Found a stormy altar of Qazlal.
  9488 | D:9      | Found a staircase to the Orcish Mines.
  9531 | D:9      | Reached XP level 11. HP: 39/97 MP: 10/10
  9961 | D:9      | Found Boxa's Assorted Antiques.
  9990 | D:9      | Found Mic Xiom's Assorted Antiques.
  9997 | D:9      | Bought a scroll of magic mapping for 80 gold pieces
 10002 | D:9      | Found a glowing golden altar of the Shining One.
 10008 | D:9      | Reached **** piety under Okawaru
 10136 | D:9      | Noticed Harold
 10151 | D:9      | Killed Harold
 10394 | D:9      | Noticed Maurice
 10415 | D:9      | Killed Maurice
 10415 | D:9      | Reached skill level 10 in Armour
 10599 | D:10     | Entered Level 10 of the Dungeon
 11051 | D:10     | Reached ***** piety under Okawaru
 11277 | D:11     | Found a staircase to the Lair.
 11283 | D:11     | Noticed a green ugly thing
 11310 | D:11     | Killed a green ugly thing
 11310 | D:11     | Reached skill level 10 in Shields
 11885 | D:11     | Noticed Snorg
 11905 | D:11     | Killed Snorg
 12087 | D:11     | Reached skill level 10 in Fighting
 12477 | D:11     | Reached XP level 12. HP: 103/106 MP: 9/11
 12893 | D:11     | Found Cudean's Assorted Antiques.
 12897 | D:11     | Bought a twitching iron amulet for 120 gold pieces
 12898 | D:11     | Identified the amulet of Foolhardiness {RegenMP rF+} (You
                  | bought it in a shop on level 11 of the Dungeon)
 12900 | D:11     | Bought a black potion for 21 gold pieces
 13228 | Lair:1   | Entered Level 1 of the Lair of Beasts
 13385 | Lair:1   | Received a gift from Okawaru
 13576 | Lair:1   | Got an ichor-stained spear
 13577 | Lair:1   | Identified the +5 spear "Opsiab" {pierce, rC+ Dex+2} (You
                  | found it on level 1 of the Lair of Beasts)
 14434 | Lair:2   | Noticed an eight-headed hydra
 14453 | Lair:2   | Killed a 15-headed hydra
 14818 | Lair:2   | Received a gift from Okawaru
 14826 | Lair:2   | Got a jewelled shield
 14832 | Lair:2   | Identified the +0 shield "Oczela" {*Drain rElec rN+ Str+5}
                  | (You found it on level 2 of the Lair of Beasts)
 14896 | Lair:2   | Reached ****** piety under Okawaru
 15077 | Lair:2   | Found a hole to the Spider Nest.
 15483 | Lair:3   | Found a frozen archway.
 15520 | IceCv    | Entered an ice cave
 15833 | IceCv    | Received a gift from Okawaru
 16319 | IceCv    | Reached XP level 13. HP: 66/116 MP: 12/12
 16341 | IceCv    | Got a bloodstained ring mail
 16352 | IceCv    | Identified the +4 ring mail of Complete Protection {rC++
                  | Int+2} (You found it in an ice cave)
 16723 | Lair:3   | Received a gift from Okawaru
 17934 | Lair:4   | Found a staircase to the Shoals.
 18274 | Lair:5   | Reached skill level 1 in Invocations
 18513 | Lair:5   | Found a staircase to the Slime Pits.
 19199 | Lair:6   | Entered Level 6 of the Lair of Beasts
 19244 | Lair:6   | Received a gift from Okawaru
 19260 | Lair:6   | Reached skill level 15 in Long Blades
 19265 | Lair:6   | Got a crude hunting sling {god gift}
 19526 | D:12     | Noticed Sonja
 19531 | D:12     | Cast into level 1 of the Abyss (Sonja)
 19541 | Abyss:1  | Found a shadowy altar of Dithmenos.
 19543 | D:12     | Escaped the Abyss
 19544 | D:12     | Killed Sonja
 19775 | D:12     | Noticed Josephine
 19799 | D:12     | Killed Josephine
 19799 | D:12     | Reached XP level 14. HP: 105/127 MP: 14/14
 20226 | D:12     | Reached skill level 15 in Shields
 20581 | D:13     | Found a gate to the Vaults.
 20599 | D:13     | Received a gift from Okawaru
 20602 | D:13     | Got an ichor-stained fustibalus {god gift}
 20838 | D:13     | Found Lieppof's Antique Armour Shoppe.
 20857 | D:13     | Noticed a storm dragon
 20875 | D:13     | Noticed a tengu reaver
 20899 | D:13     | Bought a transparent plate armour for 812 gold pieces
 20912 | D:13     | Identified the +1 plate armour of the Mutiny {rPois MR-
                  | rCorr} (You bought it in a shop on level 13 of the Dungeon)
 21134 | D:13     | Identified the +5 fustibalus "Enied" {freeze, rPois Str+2}
                  | (Okawaru gifted it to you on level 13 of the Dungeon)
 21135 | D:13     | Identified the +3 hunting sling of Vaettowu {velocity,
                  | Str+3 Dex+3} (Okawaru gifted it to you on level 6 of the
                  | Lair of Beasts)
 21397 | Orc:1    | Entered Level 1 of the Orcish Mines
 21426 | Orc:1    | Noticed an orc warlord
 21444 | Orc:1    | Killed an orc warlord
 21513 | Orc:1    | Received a gift from Okawaru
 21558 | Orc:1    | Noticed an orc warlord
 21565 | Orc:1    | Found a flagged portal.
 21570 | Orc:1    | Killed an orc warlord
 21590 | Bailey   | Entered a bailey
 21984 | Bailey   | Found an iron altar of Okawaru.
 22400 | Orc:1    | Found a roughly hewn altar of Beogh.
 22754 | Orc:2    | Entered Level 2 of the Orcish Mines
 22754 | Orc:2    | Noticed Donald
 22887 | Orc:1    | Killed Donald
 22905 | Orc:2    | Found a roughly hewn altar of Beogh.
 23182 | Orc:2    | Found Atiranosty's Antique Weapon Shop.
 23182 | Orc:2    | Found Vogenor's General Store.
 23765 | Orc:2    | Received a gift from Okawaru
 23768 | Orc:2    | Got a turquoise-encrusted crystal plate armour {god gift}
 23826 | Orc:2    | Identified the +8 crystal plate armour of Fuom {rF+ MR-
                  | rCorr Str+6} (Okawaru gifted it to you on level 2 of the
                  | Orcish Mines)
 23835 | Orc:2    | Found a roughly hewn altar of Beogh.
 23900 | Orc:2    | Found a staircase to the Elven Halls.
 24032 | Orc:2    | Found Toijunun's Assorted Antiques.
 24038 | Orc:2    | Reached XP level 15. HP: 132/137 MP: 15/15
 24055 | Orc:2    | Found Xuyh's Armour Shoppe.
 24269 | Orc:2    | Found Soutam's Book Shoppe.
 24635 | Orc:2    | Found Buf Foup's Antique Armour Boutique.
 24637 | Orc:2    | Found Moghom's Distillery.
 24647 | Orc:2    | Found Epliang's Assorted Antiques.
 24885 | Orc:2    | Identified a scroll of acquirement
 25502 | Lair:6   | Identified the Reference Book on Creative Malediction
 26011 | Lair:6   | Received a gift from Okawaru
 26058 | Lair:6   | Identified a +2 pair of boots of running (Okawaru gifted it
                  | to you on level 6 of the Lair of Beasts)
 27282 | D:14     | Found a white marble altar of Elyvilon.
 27322 | D:14     | Found a gate leading to a gauntlet.
 27328 | Gauntlet | Entered a Gauntlet
 27328 | Gauntlet | Found a transporter.
 27328 | Gauntlet | Found a transporter.
 27336 | Gauntlet | Found a transporter.
 27340 | Gauntlet | Found a transporter.
 27346 | Gauntlet | Found a runed translucent gate.
 27346 | Gauntlet | Found a runed translucent gate.
 27346 | Gauntlet | Found a runed translucent gate.
 27348 | Gauntlet | Found a transporter.
 27352 | Gauntlet | Found a transporter.
 27360 | Gauntlet | Found a transporter.
 27376 | Gauntlet | Found a transporter.
 27393 | Gauntlet | Found a transporter.
 27394 | Gauntlet | Found a transporter.
 27402 | Gauntlet | Found a transporter.
 27406 | Gauntlet | Found a transporter.
 27576 | Gauntlet | Got a steaming granite ring
 27578 | Gauntlet | Identified the ring "Rootojol" {rCorr Dex+6} (You found it
                  | in a Gauntlet)
 27634 | Gauntlet | Identified Hukhihoadd's Papyrus of Supportive Hexes
 27686 | D:14     | Reached skill level 15 in Armour
 27753 | D:14     | You fall into a shaft and drop 1 floor!
 27753 | D:15     | Entered Level 15 of the Dungeon
 27762 | D:15     | Reached skill level 15 in Fighting
 27766 | D:15     | Found an ornate altar of the Wu Jian Council.
 28116 | D:14     | Reached XP level 16. HP: 144/149 MP: 16/16
 28960 | D:14     | Received a gift from Okawaru
 29471 | D:15     | Found a staircase to the Depths.
 29956 | Shoals:1 | Entered Level 1 of the Shoals
 30137 | Shoals:1 | Received a gift from Okawaru
 30171 | Shoals:1 | Got a pair of polished gloves {god gift}
 30182 | Shoals:1 | Identified the +2 pair of gloves of Syndicalism {MR+ Dex+2
                  | Slay-5} (Okawaru gifted it to you on level 1 of the Shoals)
 30767 | Shoals:1 | Noticed a kraken
 30780 | Shoals:1 | Killed a kraken
 31473 | Shoals:2 | Received a gift from Okawaru
 32130 | Shoals:2 | Found Deamuirch's General Store.
 32258 | Shoals:2 | Noticed a kraken
 32267 | Shoals:2 | Killed a kraken
 32464 | Shoals:3 | Noticed Ilsuiw
 32476 | Shoals:3 | Killed Ilsuiw
 32476 | Shoals:3 | Reached XP level 17. HP: 100/159 MP: 17/17
 33135 | Shoals:3 | Received a gift from Okawaru
 33505 | Shoals:3 | Noticed a kraken
 33522 | Shoals:3 | Killed a kraken
 33967 | Shoals:4 | Entered Level 4 of the Shoals
 34680 | Shoals:4 | Received a gift from Okawaru
 35506 | Shoals:4 | Got a barnacled rune of Zot
 36660 | Shoals:4 | Got a pair of polished gloves
 36671 | Shoals:4 | Identified the +1 pair of gloves "Qidgh" {rF+} (You found
                  | it on level 4 of the Shoals)
 37305 | Spider:1 | Entered Level 1 of the Spider Nest
 37845 | Spider:1 | Received a gift from Okawaru
 38526 | Spider:2 | Reached XP level 18. HP: 167/170 MP: 18/18
 39919 | Spider:4 | Entered Level 4 of the Spider Nest
 40655 | Spider:4 | Received a gift from Okawaru
 41546 | Spider:4 | Received a gift from Okawaru
 41618 | Spider:4 | Found a runed translucent door.
 41622 | Spider:4 | Noticed Ruupoynew's ghost (adept HOFi)
 41643 | Spider:4 | Killed Ruupoynew's ghost
 41839 | Spider:4 | Got a gossamer rune of Zot
 42333 | Elf:1    | Entered Level 1 of the Elven Halls
 42562 | Elf:1    | Identified the Guide on Companions
 43178 | Elf:1    | Got an ichor-stained plate armour
 43515 | Elf:1    | Identified the +10 plate armour "Zurouf" {rElec rPois MR+
                  | Slay+3} (You found it on level 1 of the Elven Halls)
 43692 | Elf:2    | Received a gift from Okawaru
 44045 | Elf:2    | Reached XP level 19. HP: 90/180 MP: 19/19
 44431 | Elf:2    | Found a huge runed translucent gate.
 44431 | Elf:2    | Found a huge runed translucent gate.
 44443 | Elf:2    | Found a huge runed translucent gate.
 44694 | Elf:2    | Found a huge runed translucent gate.
 44694 | Elf:2    | Found a huge runed translucent gate.
 44736 | Elf:3    | Entered Level 3 of the Elven Halls
 44864 | Elf:3    | Found an ancient bone altar of Kikubaaqudgha.
 45019 | Elf:3    | Received a gift from Okawaru
 45455 | Elf:3    | Noticed a Tzitzimitl
 45461 | Elf:3    | Noticed a Brimstone Fiend
 46179 | Elf:3    | Identified the +2 robe of Gyiplot {-Tele rPois rC+ Str+2}
 46267 | Elf:3    | Identified the cursed -1 shield "Xuxit" {rPois MR+}
 46713 | Elf:3    | Identified the +3 scale mail of Card Tricks {rC- Int+4}
 46987 | Elf:3    | Received a gift from Okawaru
 46993 | Elf:3    | Identified the +4 short sword of the Depths {pierce,
                  | *Corrode +Blink Int+10 Dex-4}
 47016 | Elf:3    | Identified the Papyrus of Shifting Enchantment
 47023 | Elf:3    | Identified Qolyig's Sorcery Continued
 47066 | Elf:3    | Got a pair of shimmering boots
 47077 | Elf:3    | Identified the +2 pair of boots of Trial and Error {rC+
                  | Dex+5} (You found it on level 3 of the Elven Halls)
 49789 | Orc:2    | Bought a potion of mutation for 104 gold pieces
 49789 | Orc:2    | Bought a potion of might for 52 gold pieces
 49789 | Orc:2    | Bought a potion of might for 52 gold pieces
 49792 | Orc:2    | Bought an ichor-stained scale mail for 333 gold pieces
 49796 | Orc:2    | Identified the +10 scale mail "Kounim" {Str+5} (You bought
                  | it in a shop on level 2 of the Orcish Mines)
 49858 | Orc:2    | Bought a runed scimitar for 189 gold pieces
 51265 | Depths:1 | Entered Level 1 of the Depths
 51336 | Depths:1 | Received a gift from Okawaru
 51619 | Depths:1 | Found a one-way gate to the infinite horrors of the Abyss.
 51890 | Depths:1 | Found a gateway to a ziggurat.
 51892 | Depths:1 | Found a gateway to Hell.
 51976 | Depths:1 | HP: 8/183 [deep troll (5)]
 52414 | Depths:1 | Reached XP level 20. HP: 191/191 MP: 20/20
 52965 | Depths:2 | Found a one-way gate leading to the halls of Pandemonium.
 52986 | Depths:2 | Paralysed by a floating eye for 3 turns
 53381 | Depths:2 | Found a runed translucent gate.
 53382 | Depths:2 | Found a runed translucent gate.
 53382 | Depths:2 | Found an opulent altar of Gozag.
 53383 | Depths:2 | Found a runed translucent gate.
 53384 | Depths:2 | Noticed korppi's ghost (veteran GrMo)
 53385 | Depths:2 | Found Petai's Assorted Antiques.
 53432 | Depths:2 | Received a gift from Okawaru
 53498 | Depths:2 | Killed korppi's ghost
 54000 | Depths:2 | You fall into a shaft and drop 1 floor!
 54121 | Depths:3 | Noticed the Enchantress
 54122 | Depths:3 | Noticed Aizul
 54127 | Depths:3 | Noticed Sojobo
 54718 | Depths:3 | Noticed Boris
 54739 | Depths:3 | Killed Boris
 54743 | Depths:3 | Received a gift from Okawaru
 54837 | Depths:3 | HP: 5/193 [spriggan berserker/+1 war axe of distortion[a
                  | spriggan defender] (6)]
 55141 | Depths:3 | Gained mutation: You tend to lose your temper in combat.
                  | [mutagenic glow]
 55146 | Depths:3 | HP: 8/193 [Sojobo/bolt of lightning (5)]
 55150 | Depths:3 | Killed Sojobo
 56129 | Depths:2 | Noticed Nikola
 56178 | Depths:2 | Killed Nikola
 56316 | Depths:3 | Received a gift from Okawaru
 57191 | Depths:3 | Reached XP level 21. HP: 165/201 MP: 22/22
 57246 | Depths:3 | Noticed Margery
 57896 | Depths:3 | Killed Margery
 57912 | Depths:3 | Killed Aizul
 58914 | Depths:3 | Killed the Enchantress
 58931 | Depths:3 | Identified Pefaason's Collected Works on Creative Darkness
 59464 | Vaults:1 | Entered Level 1 of the Vaults
 59724 | Vaults:1 | Received a gift from Okawaru
 61166 | Vaults:2 | Identified the Disquisition on Captivating Creation
 61259 | Vaults:2 | Reached XP level 22. HP: 173/213 MP: 23/23
 61359 | Vaults:2 | Noticed Xtahua
 61372 | Vaults:2 | Killed Xtahua
 61417 | Vaults:2 | Identified the cursed +1 quarterstaff of the End of Times
                  | {holy, rF+ rC- Str+3 Dex+6}
 61482 | Vaults:2 | Noticed Frederick
 61495 | Vaults:2 | Killed Frederick
 61504 | Vaults:2 | Received a gift from Okawaru
 62370 | Vaults:3 | Noticed Asterion
 62379 | Vaults:3 | Killed Asterion
 63364 | Vaults:3 | Received a gift from Okawaru
 63981 | Vaults:3 | Found Botocuumn's General Store.
 64590 | Vaults:3 | Found a staircase to the Crypt.
 64814 | Vaults:4 | Found a ruined gateway.
 64858 | Desolati | Entered the Desolation of Salt
 65137 | Desolati | Found the cursed +14 obsidian axe {chop, +Fly SInv *Curse}
 65226 | Desolati | Identified the Collected Works on the Compass and Ignition
 65509 | Desolati | Identified the +7 hand crossbow "Locyh" {speed, rPois MR+
                  | Int+3 Dex-2}
 65525 | Desolati | Got a translucent bronze ring
 65535 | Desolati | Identified the Reference Book on the Shifting Traveller
 65546 | Desolati | Identified the ring "Itobev" {rPois Int+5 Dex-3 Stlth-}
                  | (You found it in the Desolation of Salt)
 65600 | Desolati | Received a gift from Okawaru
 65608 | Desolati | Got a scorched trident {god gift}
 65609 | Desolati | Identified the +11 trident of the Skies Above {pierce,
                  | +Rage Dex+5} (Okawaru gifted it to you in the Desolation of
                  | Salt)
 65862 | Desolati | Reached XP level 23. HP: 185/223 MP: 24/24
 65867 | Desolati | Got a dazzling plate armour
 65868 | Desolati | Identified the cursed +0 plate armour of Eternal Night {rF+
                  | Str+7} (You found it in the Desolation of Salt)
 66607 | Vaults:4 | Got a twitching diamond amulet
 66865 | Vaults:4 | Reached skill level 27 in Shields
 66886 | Vaults:4 | Received a gift from Okawaru
 67076 | Vaults:4 | Identified the amulet of Daffodils {Harm *Drain +Blink
                  | rElec rC+ Str+4} (You found it on level 4 of the Vaults)
 68364 | Vaults:5 | Entered Level 5 of the Vaults
 68889 | Vaults:4 | Received a gift from Okawaru
 68930 | Vaults:5 | Got a brightly glowing trident
 68962 | Vaults:4 | Identified the +2 trident of Hatred {elec, *Contam +Blink
                  | rC++ Stlth+} (You found it on level 5 of the Vaults)
 70372 | Vaults:5 | Reached XP level 24. HP: 221/235 MP: 24/24
 70675 | Vaults:5 | Identified the +5 lajatang of Doom {venom, *Drain rElec
                  | Dex+2}
 70675 | Vaults:5 | Identified the ring of Hiaseid {rElec rPois Int-3 Dex+4
                  | Slay+1}
 70781 | Vaults:5 | Received a gift from Okawaru
 70967 | Vaults:5 | Identified the cursed +0 ring mail of Devotion {rPois}
 70967 | Vaults:5 | Noticed Mara
 70975 | Vaults:5 | Killed Mara
 71041 | Vaults:5 | Got a twisted spear {god gift}
 71204 | Vaults:5 | Identified the +11 spear of Unnel {pierce, rElec rPois
                  | Str-4 Int+2} (Okawaru gifted it to you on level 5 of the
                  | Vaults)
 71212 | Vaults:5 | Got a scintillating steel ring
 71213 | Vaults:5 | Identified the ring of Houpt {rN++ EV+3 Str-3 Dex+3} (You
                  | found it on level 5 of the Vaults)
 71271 | Vaults:5 | Received a gift from Okawaru
 72204 | Vaults:5 | Received a gift from Okawaru
 72471 | Vaults:5 | Got a silver rune of Zot
 73101 | Vaults:5 | Got a smelly leather armour
 73102 | Vaults:5 | Identified the +0 leather armour "Ganen" {MR+} (You found
                  | it on level 5 of the Vaults)
 75516 | Depths:4 | Noticed Jory
 75530 | Depths:4 | Killed Jory
 75530 | Depths:4 | Reached XP level 25. HP: 177/248 MP: 24/24
 75861 | Depths:4 | Found the +8 storm bow {elec, penet}
 75958 | Depths:4 | Found a glowing golden altar of the Shining One.
 75958 | Depths:4 | Found a white marble altar of Elyvilon.
 75958 | Depths:4 | Found a glowing silver altar of Zin.
 76161 | Depths:5 | Entered Level 5 of the Depths
 76309 | Depths:5 | Found a portal to a secret trove of treasure.
 76415 | Depths:5 | HP: 10/249 [deep troll earth mage (7)]
 76420 | Depths:5 | HP: 12/249 [disintegration (38)]
 77105 | Depths:5 | Received a gift from Okawaru
 77135 | Depths:5 | Found a gate to the Realm of Zot.
 77159 | Depths:5 | Got an ichor-stained long sword {god gift}
 77160 | Depths:5 | Identified the +8 long sword of Maumisch {antimagic, rN+}
                  | (Okawaru gifted it to you on level 5 of the Depths)
 79182 | Depths:5 | You paid a toll of +4 storm dragon scales to enter a
                  | treasure trove
 79183 | Trove    | Entered a treasure trove
 79195 | Trove    | Got a twitching golden ring
 79196 | Trove    | Identified the ring of Gluttony {Fire SInv} (You found it
                  | in a treasure trove)
 79220 | Trove    | Got a brightly glowing leather armour
 79221 | Trove    | Identified the cursed +1 leather armour of Suzubb {+Blink}
                  | (You found it in a treasure trove)
 80036 | Crypt:1  | Entered Level 1 of the Crypt
 80300 | Crypt:1  | Received a gift from Okawaru
 80331 | Crypt:1  | Noticed Boris
 80349 | Crypt:1  | Killed Boris
 80443 | Crypt:1  | Got a coiled bone ring
 80444 | Crypt:1  | Identified the ring "Eshashrij" {+Inv rN+} (You acquired it
                  | on level 1 of the Crypt)
 80797 | Crypt:1  | Identified Jiguxoof's Guide on Darkness
 81235 | Crypt:2  | Found a magical portal.
 81244 | WizLab   | Entered Zonguldrok's Shrine
 81472 | WizLab   | Noticed an antique lich
 81480 | WizLab   | Killed an antique lich
 81491 | WizLab   | Got a jewelled double sword
 81492 | WizLab   | Identified the +5 double sword of Tolosum {drain, Str+9}
                  | (You found it in a wizard's laboratory)
 81501 | WizLab   | Reached skill level 1 in Polearms
 81501 | WizLab   | Reached skill level 1 in Throwing
 81501 | WizLab   | Reached skill level 1 in Unarmed Combat
 81501 | WizLab   | Reached skill level 1 in Evocations
 81501 | WizLab   | Reached XP level 26. HP: 256/261 MP: 24/24
 81756 | Crypt:2  | Reached XP level 27. HP: 259/269 MP: 24/24
 81848 | Crypt:2  | Noticed Khufu
 81848 | Crypt:2  | Noticed a greater mummy
 81848 | Crypt:2  | Noticed a greater mummy
 81854 | Crypt:2  | Noticed a greater mummy
 81862 | Crypt:3  | Entered Level 3 of the Crypt
 82368 | Crypt:3  | Received a gift from Okawaru
 82485 | Crypt:3  | Killed a greater mummy
 82488 | Crypt:3  | Killed a greater mummy
 82890 | Crypt:2  | Killed Khufu
 82895 | Crypt:2  | Killed a greater mummy
 83597 | Crypt:2  | Reached skill level 27 in Long Blades
 83823 | Crypt:2  | Found the +12 Vampire's Tooth {vamp}
 83828 | Crypt:2  | Reached skill level 27 in Fighting
 84653 | Crypt:3  | Found an ancient bone altar of Kikubaaqudgha.
 84678 | Crypt:3  | Noticed an ancient lich
 84732 | Crypt:3  | Killed an ancient lich
 85168 | Crypt:3  | Received a gift from Okawaru
 85202 | Crypt:3  | Got a transparent plate armour {god gift}
 85203 | Crypt:3  | Identified the +0 plate armour of the Known World {rN+}
                  | (Okawaru gifted it to you on level 3 of the Crypt)
 85361 | Crypt:3  | Got a steaming plate armour
 85362 | Crypt:3  | Identified the +4 plate armour "Gutave" {rN++} (You found
                  | it on level 3 of the Crypt)
 85366 | Crypt:3  | Got a dazzling scale mail
 85367 | Crypt:3  | Identified the cursed +1 scale mail of Bautaez {MR+} (You
                  | found it on level 3 of the Crypt)
 85607 | Crypt:3  | Found a staircase to the Tomb.
 85615 | Crypt:3  | Reached skill level 10 in Dodging
 85709 | Crypt:3  | Found a runed translucent gate.
 85709 | Crypt:3  | Found a runed translucent gate.
 85710 | Crypt:3  | Found a runed translucent gate.
 85710 | Crypt:3  | Noticed Luroikhid's ghost (legendary GrBe)
 85711 | Crypt:3  | Noticed Sifeokk's ghost (veteran GrFi)
 86090 | Crypt:3  | Killed Luroikhid's ghost
 86096 | Crypt:3  | Killed Sifeokk's ghost
 86116 | Crypt:3  | Got a twisted cloak
 86118 | Crypt:3  | Identified the +2 cloak of Pantheism {*Corrode rC+ Str-2
                  | Dex+3} (You found it on level 3 of the Crypt)
 86608 | Lair:1   | Got a steaming lapis lazuli ring
 86609 | Lair:1   | Identified the ring of Ethics {rPois rF+++ rC+ rN+ MR-}
                  | (You acquired it on level 1 of the Lair of Beasts)
 86613 | Lair:1   | Got an ancient ivory ring
 86614 | Lair:1   | Identified the ring of Rapampus {Fire rElec rN+ Str+4} (You
                  | acquired it on level 1 of the Lair of Beasts)
 87382 | Zig:1    | Entered Level 1 of a ziggurat
 87430 | Zig:2    | Entered Level 2 of a ziggurat
 87496 | Zig:3    | Entered Level 3 of a ziggurat
 87542 | Zig:4    | Entered Level 4 of a ziggurat
 87542 | Zig:4    | Noticed a juggernaut
 87544 | Zig:4    | Found the +8 Wrath of Trog {antimagic, *Rage}
 87547 | Zig:4    | Killed a juggernaut
 87586 | Zig:5    | Entered Level 5 of a ziggurat
 87588 | Zig:5    | Noticed an orb of fire
 87602 | Zig:5    | Gained mutation: Your body sometimes deteriorates upon
                  | taking damage. [an orb of fire]
 87604 | Zig:5    | Gained mutation: You are occasionally teleported next to
                  | monsters. [an orb of fire]
 87608 | Zig:5    | Killed an orb of fire
 87688 | Zig:6    | Entered Level 6 of a ziggurat
 87771 | Zig:6    | Got a dazzling long sword
 87772 | Zig:6    | Identified the +4 long sword "Unosajod" {slice, rN+} (You
                  | found it on level 6 of a ziggurat)
 87774 | Zig:6    | Got an ancient hand crossbow
 87775 | Zig:6    | Identified the +10 hand crossbow "Deigyg" {venom, rElec
                  | Int+9 Dex+2 Stlth-} (You found it on level 6 of a ziggurat)
 87780 | Zig:6    | Got a pair of dazzling gloves
 87793 | Zig:6    | Identified the +0 pair of gloves of the Elephant {rElec rN+
                  | Dex-5} (You found it on level 6 of a ziggurat)
 87817 | Zig:7    | Entered Level 7 of a ziggurat
 87818 | Zig:7    | Noticed Badek the pandemonium lord
 87849 | Zig:7    | Killed Badek the pandemonium lord
 87865 | Zig:7    | Received a gift from Okawaru
 87901 | Zig:7    | Identified Sif Muna's Reference Book on Flying Execration
 87906 | Zig:7    | Identified the Guide on Attacks
 88122 | Zig:8    | Entered Level 8 of a ziggurat
 88128 | Zig:8    | Noticed a juggernaut
 88130 | Zig:8    | Found the +3 hat of Pondering {ponderous, MR+ MP+10 Int+5}
 88150 | Zig:8    | Killed a juggernaut
 88150 | Zig:8    | Reached skill level 5 in Invocations
 88469 | Zig:8    | Got a pitted ring mail
 88532 | Zig:9    | Entered Level 9 of a ziggurat
 88564 | Zig:9    | Paralysed by accursed screaming for 1 turns
 88578 | Zig:9    | Paralysed by accursed screaming for 2 turns
 88588 | Zig:9    | Paralysed by accursed screaming for 2 turns
 88597 | Zig:9    | Paralysed by accursed screaming for 2 turns
 88597 | Zig:9    | HP: 12/273 [starcursed mass (6)]
 88610 | Zig:9    | Paralysed by accursed screaming for 2 turns
 88618 | Zig:9    | HP: 13/409 [tentacled starspawn (11)]
 88623 | Zig:9    | HP: 8/409 [ufetubus[a ynoxinul] (2)]
 88626 | Zig:9    | Killed from afar by a starcursed mass

Levels and vault maps discovered:
D:1:      moated_graveyard_arrival, layout_basic, kennysheep_minor_cross,
          columned_hall_lemuel
D:2:      layout_loops_cross, grunt_temple_overflow_open, kennysheep_ying_yang,
          first_ration, minmay_randomly_rotated_circles
D:3:      minmay_wonky_spiral, layout_basic
D:4:      layout_basic, led_sif_book, patterned_corridor
D:5:      layout_loops_corners, minmay_gold_behind_fungi
D:6:      layout_rooms, gup_sewer_entry_pipe, uniq_pikel
D:7:      layout_basic, evilmike_ruin_ashenzari, nemelex_altar_shiori,
          gammafunk_temple_overflow_pools, minmay_temple_entry_glass,
          nicolae_ossuary_entry_false_entrances, uniq_duvessa, uniq_menkaure
D:8:      layout_rooms
D:9:      layout_roguey, grunt_qazlal_sundering, lemuel_crystal_altar,
          zombieorc1_lemuel, serial_shops, nicolae_shop_trees, shop,
          uniq_harold, uniq_maurice
D:10:     layout_roguey
D:11:     layout_layer_cave, lair_entry_dummy, serial_shops, shop,
          grunt_livestock, uniq_snorg
D:12:     layout_roguey, worms_lemuel, uniq_sonja, uniq_josephine
D:13:     minmay_expanding_circles, layout_rooms, david_vaults_2, serial_shops,
          shop, minmay_hollow_rounded_squares
D:14:     layout_long_grid, elyvilon_altar_5, gauntlet_entry_generic
D:15:     gammafunk_enter_depths_forms, layout_small_grid, basic_altar,
          minmay_misc_feat_square
Temple:   jpeg_temple_island
Lair:1:   statuecave_lemuel, layout_cave_pods, serial_bayou_ford_a,
          grunt_megastairs_1
Lair:2:   wad_woods_pond, layout_cave_shapes, spider_nest_entry_rubble,
          serial_bayou_pond_d
Lair:3:   layout_chaotic_city, portal_ice_cave_entry_imps, grunt_megastairs_4,
          infiniplex_staircase_pool, lemuel_fruit_tree
Lair:4:   layout_gridlike, minmay_shoals_entry_lonely_mermaid,
          cheibrodos_lair_caveside_slide
Lair:5:   layout_cave_pods, nicolae_slime_entry_slimehenge, st_stairs_8,
          serial_bayou_shore_a
Lair:6:   minmay_lair_end_frog_pond, layout_cave_pods, serial_bayou_crossing,
          minmay_lair_oklob_chamber
Shoals:1: layout_shoals, nicolae_shoals_siren_and_animal_friends
Shoals:2: layout_shoals, serial_shops, nicolae_shop_statue_plus
Shoals:3: layout_shoals, overgrown_hall, uniq_ilsuiw
Shoals:4: shoals_end_grunt_ice, layout_shoals
Spider:1: layout_spider_delve
Spider:2: layout_spider_delve
Spider:3: layout_spider_delve
Spider:4: grunt_spider_rune_island, gammafunk_ghost_grave
Orc:1:    layout_diamond_mine, enter_bailey_3, basic_altar
Orc:2:    st_orc_town, layout_caves, serial_shops, nicolae_shop_behind_doors,
          basic_altar, guppyfry_orc_lava_fort, uniq_donald
Elf:1:    minmay_elf_arrival_circle, layout_geoelf_octagon,
          minmay_elf_demonology, minivault_19
Elf:2:    layout_geoelf_grid
Elf:3:    elf_hall, layout_loops_cross, corexii_leaking_fountain,
          david_defended_altar_elf
Vaults:1: vaults_dpeg_ring, vaults_mumra_minichess_inversion, v_rooms_1,
          vaults_standard_mumra_lines, nicolae_vaults_what_the_h,
          hangedman_vaults_corner, vaults_room_octagon,
          ontoclasm_vaults_claustrophobia, vaults_dpeg_hooks,
          ontoclasm_vaults_chip, v_misc_25, layout_vaults_omnicross
Vaults:2: v_misc_25, nicolae_vaults_three_branches, ontoclasm_vaults_idyll,
          grunt_vaults_hallway_long, v_misc_5, v_pattern_3,
          ontoclasm_vaults_decontamination, vaults_room_corners, v_misc_12,
          v_misc_23, layout_vaults_maze_snakey, uniq_frederick, uniq_xtahua
Vaults:3: minmay_crypt_entry_vampire_xt, ontoclasm_vaults_ring_small,
          vaults_room_door_hall, hangedman_vaults_locks,
          vaults_room_grunt_arrival_checkpoint,
          nicolae_vaults_mini_display_case, vaults_room_boxed,
          nicolae_vaults_shelves_hall, nicolae_vaults_ring_of_whatevers,
          layout_vaults_quadrants, serial_shops, shop, uniq_asterion
Vaults:4: ontoclasm_vaults_shout, grunt_vaults_hallway_short, v_misc_13,
          hangedman_vaults_trim, ontoclasm_vaults_ligature, v_misc_14,
          vaults_mumra_minichess, nicolae_vaults_shelves_hall,
          layout_vaults_chaotic_city, portal_desolation_entry_garden
Vaults:5: serial_shops, uniq_mara
Crypt:1:  layout_rooms, special_room [special_room_morgue]
Crypt:2:  layout_gridlike, mu_enter_wizlab_3, grunt_ministairs_9,
          minmay_guarded_unrand_vampires_tooth, uniq_khufu
Crypt:3:  church_of_pain_bobbens, layout_chaotic_city, gammafunk_ghost_cemetery
Depths:1: layout_twisted_cross, enter_ziggurat_c, hell_entry, abyss_entry,
          chequers_serial_rivers_micro_c, statue_in_the_mist_lemuel,
          hangedman_abyss_or_decor_jellyfish_corner, serial_bayou_pond_e,
          grunt_ministairs_9, chequers_serial_rivers_room_b,
          corexii_hall_statues_i, item_on_display_a
Depths:2: minmay_diamond_stairs, layout_cave_pools, ebering_ghost_gozag,
          hangedman_coc_ice_floe, pan_entry, infiniplex_staircase_pillars_1,
          uniq_nikola
Depths:3: grunt_forest_end_chambers, layout_cave_shapes, rand_demon_pan_entry_3,
          hangedman_decor_lopped, pf_vacation_house_of_asmodeus, uniq_aizul,
          uniq_sojobo, uniq_margery, uniq_boris
Depths:4: minmay_tri_box, layout_basic, hell_entry, minmay_misc_feat_pillars,
          abyss_entry_crystal, hallowed_hall,
          minmay_staircase_statues_hall_small, uniq_jory
Depths:5: grunt_zot_entry_bicorn, layout_small_grid,
          hangedman_abyss_or_decor_clamps, grunt_hell_entry_dis_mu,
          trove_entry_hex_spiral, chequers_serial_rivers_micro_b
Zig:9

Skill      XL: |  1  2  3  4  5  6  7  8  9 10 11 12 13 14 15 16 17 18 19 20 21 22 23 24 25 26 27 |
---------------+----------------------------------------------------------------------------------+-----
Shields        | 4 5 6 8 9 10 12 14 16 17 19 20 21 22 24 25 26 27 | 27.0
Armour         | 4 5 6 7 8 9 10 12 13 14 15 16 17 18 19 20 21 22 26 | 26.1
Fighting       | 4 5 6 7 9 10 11 12 13 15 16 17 18 19 20 21 22 23 24 26 27 | 27.0
Long Blades    | 3 4 6 8 10 11 13 14 15 16 17 18 19 20 21 22 23 25 26 27 | 27.0
Dodging        | 1 2 3 4 5 6 7 8 11 | 11.0
Stealth        | 1 2 3 4 |  4.7
Invocations    | 1 2 3 5 |  5.5
Polearms       | 1 |  1.3
Throwing       | 1 |  1.1
Unarmed Combat | 1 |  1.3
Evocations     | 1 |  1.7
Spellcasting   | |  0.6

Action                   |  1- 3 |  4- 6 |  7- 9 | 10-12 | 13-15 | 16-18 | 19-21 | 22-24 | 25-27 || total
-------------------------+-------+-------+-------+-------+-------+-------+-------+-------+-------++-------
Melee: Long sword        |    75 |   193 |   364 |  1056 |   823 |       |       |       |       ||  2511
       Headbutt          |    12 |    47 |    81 |   333 |   473 |   425 |   425 |   503 |   582 ||  2881
       Scimitar          |       |       |       |    31 |     9 |       |       |       |       ||    40
       Double sword      |       |       |       |       |   760 |  1378 |  1190 |  1392 |  1411 ||  6131
       Falchion          |       |       |       |       |       |       |    18 |       |       ||    18
Invok: Heroism           |       |       |     1 |     5 |    11 |     3 |    11 |     2 |     9 ||    42
       Finesse           |       |       |       |       |     2 |       |       |       |     1 ||     3
Evoke: Wand              |       |       |     1 |     2 |     3 |       |       |     3 |     1 ||    10
  Use: Potion            |       |       |    10 |     3 |     7 |     3 |     7 |     1 |    10 ||    41
       Scroll            |       |       |    15 |    10 |     9 |     8 |     9 |    14 |    30 ||    95
 Stab: Paralysed         |       |       |     4 |       |       |       |       |       |       ||     4
       Held in net/web   |       |       |       |       |       |     1 |       |       |       ||     1
       Distracted        |       |       |       |       |       |       |     1 |       |       ||     1
  Eat: Chunk             |       |     9 |    15 |    24 |    29 |    67 |   107 |   122 |    22 ||   395
       Ration            |       |       |     1 |     2 |     3 |     3 |     3 |       |     7 ||    19
Armor: Scale mail        |    41 |   116 |   115 |    59 |       |       |       |       |       ||   331
       Chain mail        |       |       |       |   146 |       |       |       |       |       ||   146
       Gold dragon scale |       |       |       |   181 |   444 |       |       |       |       ||   625
       Crystal plate arm |       |       |       |       |   192 |  1007 |       |       |   150 ||  1349
       Plate armour      |       |       |       |       |       |    26 |   559 |   525 |   367 ||  1477
       Skin              |       |       |       |       |       |       |       |       |     5 ||     5
Dodge: Dodged            |    26 |    74 |   116 |   438 |   478 |   545 |   489 |   445 |   518 ||  3129
Block: Shield            |    45 |   131 |   172 |   649 |  1226 |  1414 |  1243 |  1400 |  1235 ||  7515
       Rpst.: Long sword |     8 |    19 |    27 |    98 |    62 |       |       |       |       ||   214
       Scimitar          |       |       |       |     2 |       |       |       |       |       ||     2
       Double sword      |       |       |       |       |    52 |    92 |    75 |    79 |    98 ||   396
       Falchion          |       |       |       |       |       |       |     5 |       |       ||     5

Table legend:
 A = Non-vault XP
 B = Vault XP
 C = Vault XP percentage of total XP
 D = Non-vault monster count
 E = Vault monster count
 F = Vault count percentage of total count
                 A         B        C        D         E       F
            +---------+---------+-------+---------+---------+-------
      Total |  849631 |  744688 |  46.7 |    1796 |     996 |  35.7
            +---------+---------+-------+---------+---------+-------
        D:1 |      30 |       0 |   0.0 |      15 |       0 |   0.0
        D:2 |     101 |       8 |   7.3 |      23 |       6 |  20.7
        D:3 |     156 |      40 |  20.4 |      36 |       3 |   7.7
        D:4 |     275 |      80 |  22.5 |      19 |       2 |   9.5
        D:5 |     996 |     607 |  37.9 |      34 |       1 |   2.9
        D:6 |     280 |      16 |   5.4 |       8 |       7 |  46.7
        D:7 |    1718 |     398 |  18.8 |      20 |       3 |  13.0
        D:8 |    3424 |       0 |   0.0 |      35 |       0 |   0.0
        D:9 |    3258 |    2166 |  39.9 |      33 |      31 |  48.4
       D:10 |    2442 |       0 |   0.0 |      27 |       0 |   0.0
       D:11 |    4895 |    2151 |  30.5 |      46 |       6 |  11.5
       D:12 |    3673 |    6134 |  62.5 |      39 |      20 |  33.9
       D:13 |    5635 |    7392 |  56.7 |      29 |      19 |  39.6
       D:14 |   15379 |       0 |   0.0 |      40 |       0 |   0.0
       D:15 |    7229 |    3950 |  35.3 |      21 |      11 |  34.4
     Lair:1 |    4122 |       0 |   0.0 |      27 |       0 |   0.0
     Lair:2 |    5563 |     220 |   3.8 |      24 |       1 |   4.0
     Lair:3 |    4007 |    1650 |  29.2 |      15 |      17 |  53.1
     Lair:4 |    7619 |     466 |   5.8 |      33 |       1 |   2.9
     Lair:5 |    4472 |    1366 |  23.4 |      27 |       9 |  25.0
     Lair:6 |   15800 |   16257 |  50.7 |      52 |      55 |  51.4
   Shoals:1 |   21838 |    2431 |  10.0 |      39 |       6 |  13.3
   Shoals:2 |   18177 |       0 |   0.0 |      34 |       0 |   0.0
   Shoals:3 |   20648 |    4461 |  17.8 |      36 |       5 |  12.2
   Shoals:4 |    9002 |   21224 |  70.2 |      21 |      34 |  61.8
   Spider:1 |   12693 |       0 |   0.0 |      29 |       0 |   0.0
   Spider:2 |   12154 |       0 |   0.0 |      29 |       0 |   0.0
   Spider:3 |   12490 |    1138 |   8.4 |      40 |       2 |   4.8
   Spider:4 |    8664 |   27399 |  76.0 |      24 |      42 |  63.6
      Orc:1 |    9717 |    1956 |  16.8 |      78 |       5 |   6.0
      Orc:2 |    2397 |   12857 |  84.3 |      43 |      74 |  63.2
      Elf:1 |   13293 |    6477 |  32.8 |      28 |      10 |  26.3
      Elf:2 |   20145 |   21594 |  51.7 |      31 |      29 |  48.3
      Elf:3 |    5230 |   43311 |  89.2 |      11 |      29 |  72.5
   Vaults:1 |   19562 |   26216 |  57.3 |      32 |      48 |  60.0
   Vaults:2 |   40860 |   20887 |  33.8 |      73 |      23 |  24.0
   Vaults:3 |   37116 |   24003 |  39.3 |      51 |      33 |  39.3
   Vaults:4 |   47559 |   47200 |  49.8 |      71 |      51 |  41.8
   Vaults:5 |   55249 |  105060 |  65.5 |      78 |      67 |  46.2
    Crypt:1 |   35065 |   20631 |  37.0 |      44 |      20 |  31.2
    Crypt:2 |   24431 |   27453 |  52.9 |      30 |      12 |  28.6
    Crypt:3 |   60542 |   93056 |  60.6 |      67 |      76 |  53.1
   Depths:1 |   24568 |    1979 |   7.5 |      27 |       2 |   6.9
   Depths:2 |   22164 |   32163 |  59.2 |      31 |      19 |  38.0
   Depths:3 |   40856 |   60291 |  59.6 |      55 |      57 |  50.9
   Depths:4 |   32437 |   26894 |  45.3 |      37 |      12 |  24.5
   Depths:5 |   51044 |   24323 |  32.3 |      33 |      15 |  31.2
      Zig:1 |     624 |       0 |   0.0 |       3 |       0 |   0.0
      Zig:2 |    1839 |       0 |   0.0 |       3 |       0 |   0.0
      Zig:3 |    6294 |       0 |   0.0 |       4 |       0 |   0.0
      Zig:4 |    8966 |       0 |   0.0 |       6 |       0 |   0.0
      Zig:5 |   12340 |       0 |   0.0 |       6 |       0 |   0.0
      Zig:6 |    7851 |       0 |   0.0 |       6 |       0 |   0.0
      Zig:7 |   18953 |       0 |   0.0 |      10 |       0 |   0.0
      Zig:8 |   15536 |       0 |   0.0 |      16 |       0 |   0.0
      Zig:9 |   10718 |       0 |   0.0 |      36 |       0 |   0.0
      Sewer |       0 |     153 | 100.0 |       0 |       8 | 100.0
    Ossuary |       0 |     205 | 100.0 |       0 |      13 | 100.0
     Bailey |       0 |     562 | 100.0 |       0 |      16 | 100.0
      IceCv |       0 |    4678 | 100.0 |       0 |      21 | 100.0
     WizLab |   17535 |    5330 |  23.3 |      31 |       5 |  13.9
 Desolation |       0 |   32803 | 100.0 |       0 |      61 | 100.0
   Gauntlet |       0 |    5052 | 100.0 |       0 |       9 | 100.0
            +---------+---------+-------+---------+---------+-------
